AoeStats
← | ArCas | Toruk Makto

MegaRandom

508539337Analyzed
4v4 RM · 8d ago on Sep 22, 2026· 34m 9s· 8 players
Game mode
Random Map
Map size
Large (8 player)
Population
200
Speed
Normal
Resources
Standard
Victory
Conquest
Starting age
Dark Age
Ending age
Imperial Age
RankedLock teamsTeams togetherTeam positionsShared explorationLock speedFull tech treeHidden civsTurbo modeCheats
Victory
Defeat
🇦🇷 Mongols · Argentina
1322
+17
🇻🇪 Portuguese · Venezuela
1304
+17
🇵🇪 Koreans · Peru
1301
+18
🇪🇸 Magyars · Spain
1259
+19
🇵🇰 Vietnamese · Pakistan
1461
-23
🇩🇪 Maya · Germany
1364
-19
🇩🇪 Poles · Germany
1324
-17
🇵🇰 Franks · Pakistan
1190
-12
percy_bysshe
6:30 Loom
10:29 Feudal Age
15:46 Fletching
30:55 Double-Bit Axe
OL noken
10:13 Feudal Age
15:44 Loom
24:45 Scale Barding Armor
26:52 Horse Collar
27:00 Double-Bit Axe
28:37 Gold Mining
32:23 Castle Age
32:27 Light Cavalry
33:20 Bloodlines
33:45 Pikeman
34:29 Husbandry
34:36 Scale Mail Armor
34:57 Chain Barding Armor
| ArCas | Toruk Makto
7:50 Loom
9:56 Feudal Age
10:41 Double-Bit Axe
10:39 Horse Collar
17:22 Forging
19:20 Scale Barding Armor
24:04 Castle Age
23:23 Bloodlines
25:50 Wheelbarrow
25:52 Iron Casting
25:43 Chain Barding Armor
26:01 Wheelbarrow
27:37 Husbandry
29:06 Bow Saw
31:13 Heavy Plow
33:24 Town Watch
RagnarLothbrok
5:57 Loom
6:39 Loom
9:23 Feudal Age
10:04 Double-Bit Axe
12:36 Horse Collar
14:45 Fletching
15:19 Gold Mining
17:39 Wheelbarrow
23:19 Castle Age
22:40 Padded Archer Armor
23:22 Crossbowman
23:58 Bodkin Arrow
24:32 Leather Archer Armor
24:31 Thumb Ring
25:36 Hand Cart
25:06 Town Watch
25:51 Ballistics
31:42 Imperial Age
30:11 Leather Archer Armor
31:27 Stone Mining
32:13 Bow Saw
32:04 Arbalester
33:22 Bracer
35:31 Chemistry
Umair
5:16 Loom
9:41 Feudal Age
10:25 Double-Bit Axe
19:21 Wheelbarrow
21:02 Forging
20:58 Scale Barding Armor
28:47 Castle Age
29:47 Husbandry
Haider_435
0:28 Loom
9:02 Feudal Age
12:18 Fletching
16:59 Double-Bit Axe
18:42 Horse Collar
25:09 Castle Age
25:16 Crossbowman
25:58 Bodkin Arrow
28:07 Ballistics
29:22 Padded Archer Armor
29:56 Gold Mining
31:30 Thumb Ring
Musti-1997
7:07 Loom
8:11 Loom
10:57 Feudal Age
11:36 Double-Bit Axe
16:39 Bloodlines
16:25 Horse Collar
19:15 Forging
24:23 Castle Age
22:55 Stone Mining
22:55 Gold Mining
27:02 Scale Barding Armor
MaMo7x
6:22 Loom
8:59 Feudal Age
11:34 Double-Bit Axe
13:32 Horse Collar
27:14 Castle Age
26:11 Fletching
26:56 Padded Archer Armor
27:20 Crossbowman
28:05 Bodkin Arrow
31:09 Thumb Ring
Connection lost

Rejoining the realm…

Still unreachable

The connection could not be restored.

Session expired

The server has moved on; the page needs a fresh start.